Map: Central Protocol

Players

Nerchio - Winner!

  • Race: Zerg Zerg
  • League: Grandmaster

MarineLorD

  • Race: Terran Terran
  • League: Grandmaster

Event: 2016 WCS Winter Challenger Europe

VOD

Have the link to the VOD?

Description

Time

  • Played on: Feb. 14, 2016, 2:33 p.m.
  • Length: 6:52

All games in this series

Show
View Real Time Build Order
Export as new Build Order

Nerchio Zerg - Winner!

Build Orders: Pool First 

Get SALT Encoding   

  12  0:01  Drone  
  13  0:12  Overlord  
  13  0:16  Drone  
  14  0:30  Drone  
  14  0:31  Drone  
  14  0:34  Drone  
  17  0:44  Spawning Pool  
  17  0:48  Drone  
  17  0:56  Drone  
  18  1:13  Hatchery  
  18  1:15  Drone  
  18  1:18  Drone  
  18  1:21  Extractor  
  18  1:32  Zergling x2  
  19  1:33  Queen  
  19  1:39  Drone  
  22  1:49  Overlord  
  22  1:55  Roach Warren  
  22  2:00  Drone  
  22  2:09  Queen  
  22  2:11  Zergling x2  
  25  2:28  Queen  
  27  2:35  Roach x2  
  27  2:36  Roach  
  33  2:41  Roach  
  34  2:47  Overlord  
  34  2:56  Roach  
  36  3:02  Overlord  
  36  3:06  Drone  
  36  3:07  Drone  
  38  3:15  Drone x2  
  38  3:16  Drone  
  41  3:20  Drone  
  41  3:23  Drone  
  43  3:28  Drone  
  44  3:35  Metabolic Boost  
  44  3:37  Roach  
  46  3:43  Roach  
  46  3:44  Roach  
  48  3:50  Overlord  
  48  3:53  Extractor  
  48  3:55  Roach  
  48  4:04  Overlord  
  48  4:11  Zergling x10  
  48  4:17  Zergling x4  
  54  4:18  Zergling x2  
  54  4:22  Zergling x2  
  57  4:24  Zergling x2  
  57  4:27  Zergling x2  
  57  4:28  Zergling x2  
  60  4:39  Zergling x8  
  60  4:43  Ravager  
  65  4:45  Overlord  
  62  5:02  Zergling x12  
  68  5:07  Zergling x2  
  65  5:16  Zergling x2  
  65  5:17  Zergling x6  
  67  5:21  Ravager  
  67  5:22  Ravager x2  
  67  5:23  Roach  
  67  5:27  Roach  
  73  5:31  Roach  
  68  5:38  Roach x2  
  71  5:44  Roach  
  71  5:45  Roach  
  74  5:51  Overlord  
  74  5:56  Overlord  
  74  6:10  Zergling x10  
  79  6:14  Ravager x3  
  82  6:19  Ravager  
  82  6:20  Zergling x4  
  82  6:22  Zergling x2  
  86  6:27  Zergling x2  
  86  6:30  Zergling x2  
  88  6:33  Ravager  
Show
View Real Time Build Order
Export as new Build Order

MarineLorD Terran 

Build Orders:  

Get SALT Encoding   

  12  0:00  SCV  
  13  0:13  SCV  
  14  0:17  Supply Depot  
  14  0:25  SCV  
  15  0:34  Refinery  
  15  0:38  SCV  
  16  0:44  Barracks  
  16  0:50  SCV  
  17  1:00  Barracks  
  17  1:03  SCV  
  18  1:16  SCV  
  19  1:21  Barracks  
  19  1:31  Reaper  
  20  1:37  Orbital Command  
  20  1:47  Supply Depot  
  20  1:50  Reaper  
  21  1:55  Refinery  
  21  2:03  SCV  
  21  2:04  Reaper  
  23  2:11  Reaper  
  23  2:15  SCV  
  25  2:25  Reaper  
  25  2:27  SCV  
  27  2:36  Reaper  
  28  2:39  SCV  
  29  2:45  Reaper  
  29  2:49  Supply Depot  
  30  2:51  SCV  
  31  3:10  SCV, Reaper  
  31  3:11  Command Center  
  33  3:13  Reaper  
  33  3:18  Barracks Tech Lab  
  34  3:23  SCV  
  35  3:35  SCV  
  36  3:41  Command Center  
  36  3:47  SCV  
  36  3:53  Barracks Reactor, Barracks Tech Lab  
  36  3:54  Stimpack  
  36  3:59  SCV  
  37  4:05  Supply Depot  
  37  4:06  Marauder  
  39  4:23  Marauder, SCV  
  42  4:27  Marauder, Bunker  
  42  4:28  Concussive Shells  
  44  4:33  Marine  
  44  4:35  SCV  
  45  4:40  Marine  
  45  4:44  Orbital Command  
  46  4:47  SCV  
  46  4:51  Marauder  
  49  4:58  Orbital Command  
  49  4:59  SCV  
  50  5:07  Marauder  
  52  5:09  Marine  
  52  5:11  SCV  
  51  5:17  SCV  
  51  5:20  Marine  
  45  5:23  SCV  
  45  5:25  SCV  
  40  5:29  SCV  
  40  5:35  SCV  
  40  5:37  Marine  
  40  5:40  Marine  
  40  5:45  Marine  
  39  5:51  Orbital Command  
  39  5:53  Orbital Command  
  39  5:54  SCV  
  39  5:55  Marine  
  37  5:58  Marine  
  37  6:03  Marine  
  39  6:06  SCV  
  40  6:15  Marine  
  40  6:18  SCV x2  
  42  6:21  Supply Depot  
  42  6:22  Bunker, SCV  
  44  6:27  Marine x2  
  44  6:28  Marine  
  44  6:30  SCV x2  
  49  6:34  Factory  
  49  6:36  SCV  
Tags
 
Add a new tag
Caveats
  • Supply blocks, unpowered buildings, or Contaminate may cause inaccurate times.
  • Supply counts are checked every 10 seconds.